 Dungeon Crawl Stone Soup version 0.25-a0-731-g0472a16d6a (webtiles) character file.

Game seed: 13253371512607479311, levelgen mode: deterministic

156 KiliKikkendorf the Chopper (level 5, -3/46 HPs)
             Began as a Hill Orc Fighter on Apr 8, 2020.
             Was an Initiate of the Shining One.
             Killed by nerve-wracking pain
             ... invoked by Grinder
              (7 damage)
             ... on level 3 of the Dungeon.
             The game lasted 00:09:45 (2221 turns).

KiliKikkendorf the Chopper (Hill Orc Fighter)       Turns: 2221, Time: 00:09:46

Health: -3/46      AC:  9    Str: 17 (20) XL:     5   Next: 38%
Magic:  5/5        EV:  5    Int:  8      God:    the Shining One [......]
Gold:   75         SH:  9    Dex:  9 (10) Spells: 4/4 levels left

rFire    . . .     SeeInvis +   a - +0 war axe
rCold    . . .     Gourm    .   c - +0 kite shield
rNeg     . . .     Faith    .   r - +0 chain mail
rPois    .         Spirit   .   (no helmet)
rElec    .         Reflect  .   (no cloak)
rCorr    .         Harm     .   (no gloves)
MR       .....                  (no boots)
Stlth    ..........             (no amulet)
HPRegen  0.15/turn              l - ring of see invisible
MPRegen  0.09/turn              (no ring)

@: glowing
A: no striking features
a: Renounce Religion


You were on level 3 of the Dungeon.
You worshipped the Shining One.
The Shining One was noncommittal.
You were not hungry.

You visited 1 branch of the dungeon, and saw 3 of its levels.

You collected 75 gold pieces.

Inventory:

Hand Weapons
 a - a +0 war axe (weapon)
 b - a +0 trident
 j - a +0 short sword of venom
Armour
 c - a +0 kite shield (worn)
 r - a +0 chain mail (worn)
Jewellery
 h - an uncursed ring of fire
 l - a ring of see invisible (left hand)
Wands
 n - a wand of acid (7)
 o - a wand of digging (3)
Scrolls
 e - a scroll of identify
 i - 2 scrolls of teleportation
 k - a scroll of fog {unknown}
 m - a scroll of remove curse
Potions
 d - a potion of might
 g - a potion of heal wounds
 p - a potion of mutation {unknown}
 q - a potion of curing {unknown}
Comestibles
 f - 4 rations


   Skills:
 + Level 4.2 Fighting
 + Level 4.6 Axes
 + Level 3.9 Armour
 + Level 0.8 Dodging
 + Level 0.1 Stealth
 + Level 4.4 Shields


You had 4 spell levels left.
You didn't know any spells.
Your spell library was empty.

Dungeon Overview and Level Annotations

Branches:
Dungeon (3/15)

Altars:
Fedhas
Makhleb
Qazlal
Trog
Uskayaw
The Shining One

Annotations:
D:3 Grinder


Message History

Grinder hits you.
You writhe in agony.
Found 25 bolts.
You see here a bat corpse.
You closely miss Grinder. Grinder hits you.
You writhe in agony.
You closely miss Grinder. Grinder gestures at you.
You resist with significant effort. Grinder hits you.
Your chain mail prevents you from hitting Grinder.
Grinder hits you.
You writhe in agony.
* * * LOW HITPOINT WARNING * * *
You hit Grinder but do no damage.
Grinder says, "Wait up."
Grinder hits you.
* * * LOW HITPOINT WARNING * * *
You writhe in agony.
* * * LOW HITPOINT WARNING * * *
You hit Grinder but do no damage. Grinder gestures at you.
Pain shoots through your body!
You die...

..( ...# #.# #....
######..# ##...
.......## .... ........
..# ......# ##5#
.....###########@.#
.........<..)....##
...........#.......#
....######......>#.....
....###.†..#####.....##
†.......#### #####..#
.#..##### #.. #..## ##
#.##


You could see Grinder.

Vanquished Creatures
  An orc wizard (D:3)
  Jessica (D:3)
  5 adders
  A dart slug (D:1)
  2 leopard geckos
  4 orcs (D:3)
  A giant cockroach (D:2)
  5 goblins
  4 hobgoblins
  2 jackals (D:3)
  6 bats
  5 frilled lizards
  10 kobolds
  8 rats
55 creatures vanquished.

Notes
Turn   | Place    | Note
-------+----------+-------------------------------------------
     0 | D:1      | KiliKikkendorf the Hill Orc Fighter began the quest for the
                  | Orb.
     0 | D:1      | Reached XP level 1. HP: 19/19 MP: 1/1
   213 | D:1      | Reached XP level 2. HP: 20/27 MP: 2/2
   925 | D:2      | Found a stormy altar of Qazlal.
   925 | D:2      | Found a burning altar of Makhleb.
   925 | D:2      | Found a hide-covered altar of Uskayaw.
   925 | D:2      | Found a glowing golden altar of the Shining One.
   955 | D:2      | Became a worshipper of the Shining One
   980 | D:2      | Reached XP level 3. HP: 33/33 MP: 3/3
  1511 | D:2      | Reached XP level 4. HP: 40/40 MP: 4/4
  1848 | D:2      | Found a bloodstained altar of Trog.
  2019 | D:3      | Found a blossoming altar of Fedhas.
  2133 | D:3      | Noticed Jessica
  2155 | D:3      | Killed Jessica
  2155 | D:3      | Reached XP level 5. HP: 38/46 MP: 5/5
  2213 | D:3      | Noticed Grinder
  2221 | D:3      | Killed from afar by Grinder

Levels and vault maps discovered:
D:1:      tarquinn_simple_flora_water_e, layout_loops_corners, minmay_tripent
D:2:      layout_loops_corners, lemuel_doored_altar,
          chequers_temple_overflow_statue_of_worship, kennysheep_generic_room_2
D:3:      layout_rooms, old_standard_altar, nicolae_overflow_hidden_temple,
          gup_sewer_entry_bowl, first_ration, uniq_grinder,
          uniq_crazy_yiuf_cottage, uniq_jessica

Skill      XL: |  1  2  3  4 |
---------------+-------------+-----
Axes           | 3 4 |  4.6
Fighting       | 4 |  4.2
Shields        | 4 |  4.4
Armour         | |  3.9
Dodging        | |  0.8
Stealth        | |  0.1

Action                   |  1- 3 |  4- 6 || total
-------------------------+-------+-------++-------
Melee: War axe           |   108 |   119 ||   227
  Use: Scroll            |     2 |     5 ||     7
       Potion            |       |     2 ||     2
  Eat: Chunk             |     2 |       ||     2
       Ration            |       |     1 ||     1
Armor: Scale mail        |    55 |       ||    55
       Chain mail        |     7 |    85 ||    92
Dodge: Dodged            |    35 |    21 ||    56
Block: Kite shield       |    60 |    83 ||   143

Table legend:
 A = Non-vault XP
 B = Vault XP
 C = Vault XP percentage of total XP
 D = Non-vault monster count
 E = Vault monster count
 F = Vault count percentage of total count
                 A         B        C        D         E       F
            +---------+---------+-------+---------+---------+-------
      Total |     178 |      46 |  20.5 |      51 |       4 |   7.3
            +---------+---------+-------+---------+---------+-------
        D:1 |      26 |       7 |  21.2 |      19 |       2 |   9.5
        D:2 |      69 |       2 |   2.8 |      15 |       1 |   6.2
        D:3 |      83 |      37 |  30.8 |      17 |       1 |   5.6
            +---------+---------+-------+---------+---------+-------
